 Dungeon Crawl Stone Soup version 0.26-a0-1002-g7355149c4d (webtiles) character file.

Game seed: 13716395928395538514

25 sahdkjhfkaj the Sneak (level 2, 0/14 HPs)
             Began as a Spriggan Enchanter on Dec 6, 2020.
             Succumbed to an adder's poison
             ... on level 1 of the Dungeon.
             The game lasted 00:01:34 (1031 turns).

sahdkjhfkaj the Sneak (Spriggan Enchanter)          Turns: 1031, Time: 00:01:35

Health: 0/14       AC:  3    Str:  4    XL:     2   Next: 86%
Magic:  3/6        EV: 18    Int: 16    God:
Gold:   27         SH:  0    Dex: 16    Spells: 3/6 levels left

rFire    . . .     SeeInvis +   a - +2 dagger (speed)
rCold    . . .     Faith    .   (shield restricted)
rNeg     . . .     Spirit   .   b - +1 robe
rPois    .         Reflect  .   (helmet restricted)
rElec    .         Harm     .   (no cloak)
rCorr    .         Rampage  .   (gloves unavailable)
Will     .....                  (boots unavailable)
Stlth    +++.......             (no amulet)
HPRegen  0.04/turn              (no ring)
MPRegen  0.10/turn              (no ring)

@: lethally poisoned (0 -> -3), hasted, very quick
A: very small, unfitting armour, see invisible, speed 3
a: no special abilities


You were on level 1 of the Dungeon.
You visited 1 branch of the dungeon, and saw 2 of its levels.

You collected 27 gold pieces.

Inventory:

Hand Weapons
 a - a +2 dagger of speed (weapon)
Missiles
 c - 14 poisoned darts
Armour
 b - a +1 robe (worn)
Scrolls
 d - a scroll of teleportation {unknown}
 e - 2 scrolls of enchant armour
 g - a scroll of identify {unknown}


   Skills:
 - Level 1.0 Fighting
 - Level 2.0 Short Blades
 - Level 3.0 Dodging
 - Level 4.4 Stealth
 - Level 2.6 Spellcasting
 + Level 3.8 Hexes
 - Level 1.0 Ice Magic


You had 3 spell levels left.
You knew the following spells:

 Your Spells              Type           Power        Failure   Level
a - Corona                Hex            ##.....      4%          1
b - Ensorcelled Hibernat  Hex/Ice        #.....       11%         2

Your spell library contained the following spells:

 Spells                   Type           Power        Failure   Level
 Confusing Touch          Hex            ##......     12%         3
 Tukima's Dance           Hex            ##......     12%         3
 Dazzling Flash           Conj/Hex       #.....       26%         3


Dungeon Overview and Level Annotations

Branches:
Dungeon (2/15)

Altars:

Annotations:
D:2 Terence


Innate Abilities, Weirdness & Mutations

You are very small and have problems with some larger weapons.
You are too small for most types of armour.
You have supernaturally acute eyesight. (SInv)
You cover ground extremely quickly.


Message History

A hobgoblin comes into view.
You see here 13 stones.
The hobgoblin misses you.
You see here 14 poisoned darts.
You hit the hobgoblin.
The hobgoblin is lightly wounded.
You hit the hobgoblin.
The hobgoblin is moderately wounded.
The hobgoblin barely misses you.
You barely miss the hobgoblin.
The hobgoblin is moderately wounded.
The hobgoblin closely misses you.
You closely miss the hobgoblin.
The hobgoblin is moderately wounded.
You hit the hobgoblin.
The hobgoblin is almost dead.
The hobgoblin completely misses you.
You barely miss the hobgoblin.
The hobgoblin is almost dead.
A hobgoblin is nearby!
A hobgoblin is nearby!
A hobgoblin is nearby!
A hobgoblin is nearby!
c - 14 poisoned darts The hobgoblin hits you.
A hobgoblin is nearby!
You barely miss the hobgoblin.
The hobgoblin is almost dead.
The hobgoblin misses you.
You hit the hobgoblin.
You kill the hobgoblin!
No target in view!
No target in view!
You see here 4 sling bullets.
d - a scroll labelled DIMPOSU HEECAQ A hobgoblin comes into view.
It is wielding a +0 club.
You see here 3 gold pieces.
A hobgoblin is nearby!
A hobgoblin is nearby!
The helpless hobgoblin fails to defend itself.
You impale the hobgoblin!!
You kill the hobgoblin!
No target in view!
No target in view!
No target in view!
No target in view!
No target in view!
No target in view!
No target in view!
Things that are here:
a +0 club; a hobgoblin corpse You now have 27 gold pieces (gained 3).
A ball python comes into view.
A ball python is nearby!
A ball python is nearby!
A ball python is nearby!
The helpless ball python fails to defend itself.
You impale the ball python!!
You kill the ball python!
No target in view!
No target in view!
No target in view!
No target in view!
No target in view!
A rat comes into view.
A rat is nearby!
A rat is nearby!
A rat is nearby!
You hit the rat.
You kill the rat!
No target in view!
No target in view!
No target in view!
Found a hunting sling.
You see here a hunting sling.
e - 3 scrolls labelled KUINAU KIMM A giant cockroach comes into view.
Found a bubbling amethyst potion.
A giant cockroach is nearby! (m)acro, (M)acro raw, keymap [(k) default, (x) level-map, (t)argeting, (c)onfirm, m(e)nu], (s)ave?
Input macro trigger key: p Current Action: zaf Do you wish to (r)edefine, (c)lear, or (a)bort?
Cleared macro 'p' => 'zaf'.
You barely miss the giant cockroach. The giant cockroach bites you.
You closely miss the giant cockroach. The giant cockroach closely misses you.
You hit the giant cockroach.
The giant cockroach is severely wounded.
The giant cockroach bites you.
You completely miss the giant cockroach.
The giant cockroach is heavily wounded.
You barely miss the giant cockroach.
The giant cockroach is heavily wounded.
The giant cockroach barely misses you.
You barely miss the giant cockroach.
The giant cockroach is heavily wounded.
The giant cockroach completely misses you.
You barely miss the giant cockroach.
The giant cockroach is heavily wounded.
The giant cockroach barely misses you.
You hit the giant cockroach.
The giant cockroach is severely wounded.
A giant cockroach is nearby!
A giant cockroach is nearby!
The giant cockroach looks drowsy...
The helpless giant cockroach fails to defend itself.
You impale the giant cockroach!!
You kill the giant cockroach!
Training target 2.0 for Short Blades reached!
Your Short Blades skill increases to level 2!
No target in view!
No target in view!
Magic restored.
f - a bubbling amethyst potion A gnoll comes into view.
It is wielding a -1 spear.
A gnoll is nearby!
A gnoll is nearby!
A gnoll is nearby!
The helpless gnoll fails to defend itself.
You impale the gnoll!!
You kill the gnoll!
Training target 1.0 for Ice Magic reached!
Your Ice Magic skill increases to level 1!
You need to enable at least one skill for training.
Things that are here:
a cursed -1 spear; a gnoll corpse
Things that are here:
a +0 club; a hobgoblin corpse
Found a stone staircase leading down.
Things that are here:
a +0 club; a hobgoblin corpse
g - a scroll labelled XIYXAO JOCIKK Partly explored, can't reach some places.
Partly explored, can't reach some places.
Partly explored, can't reach some places.
Partly explored, can't reach some places.
Partly explored, can't reach some places.
There is a stone staircase leading down here.
As you read the scroll labelled KUINAU KIMM, it crumbles to dust.
It is a scroll of enchant armour.
Your +0 robe glows green for a moment.
You climb downwards.
There is a stone staircase leading up here.
An orc comes into view.
An orc is nearby!
An orc is nearby!
An orc is nearby!
Terence the Incautious comes into view.
He is wielding a +0 trident.
The orc shouts!
An adder comes into view.
A goblin comes into view. It is wielding a +0 dagger.
Terence shouts!
A rat comes into view.
Found 22 arrows.
The orc misses you.
Terence screams, "I'm going to kill you!"
Found 9 gold pieces.
The orc resists with significant effort.
The goblin shouts!
The orc hits you but does no damage.
A worm comes into view.
The adder resists with some effort.
The adder completely misses you.
The adder resists with some effort.
The adder misses you.
There is a stone staircase leading up here.
The adder closely misses you. The adder bites you.
You climb upwards.
There is a stone staircase leading down here.
The adder resists with some effort.
The adder barely misses you. The adder bites you.
You are poisoned.
The adder poisons you!
You feel sick.
You feel sick.
You feel sick.
You feel sick.
You feel sick.
You are no longer poisoned.
Things that are here:
a cursed -1 spear; a gnoll corpse You are too injured to fight recklessly!
Casting: Ensorcelled Hibernation (safe; 11% risk of failure)
Confirm with . or Enter, or press ? or * to list all spells.
Aiming: Corona (safe; 4% risk of failure)
Press: ? - help, Shift-Dir - straight line, f/p - adder
Aim: an adder (chance to defeat WL: 60%)
The adder is outlined in light.
The adder bites you.
* * * LOW HITPOINT WARNING * * *
You are lethally poisoned!
The adder poisons you!
* * * LOW HITPOINT WARNING * * *
You feel sick.
* * * LOW HITPOINT WARNING * * *
You feel sick.
It was a potion of haste.
You feel yourself speed up.
The adder stops glowing.
* * * LOW HITPOINT WARNING * * *
You feel sick.
* * * LOW HITPOINT WARNING * * *
You feel sick.
You die...

##...# ### #.# .#..#
#.# ##.## ...## #.#
#...# .########.#
#.#.# ..........#
#...# .########.#
###.## .#
#.#####...#########
.#
#.........).......#
.#
#.#####.@.#######.#
.########.# ##.##
#.# ........[.# #.#
#.# ########### #.#
#.# ##.## #.#
#############...##
#.#
#................#
#.#
###.##########.....#
#.# ....# #.....#
#.#####


There were no monsters in sight!

Vanquished Creatures
  A gnoll (D:1)
  A ball python (D:1)
  A giant cockroach (D:1)
  2 goblins (D:1)
  3 hobgoblins (D:1)
  2 bats (D:1)
  2 frilled lizards (D:1)
  4 rats (D:1)
16 creatures vanquished.

Vanquished Creatures (others)
  A frilled lizard (D:1)
  A rat (D:1)
2 creatures vanquished.

Grand Total: 18 creatures vanquished

Notes
Turn   | Place    | Note
-------+----------+-------------------------------------------
     0 | D:1      | sahdkjhfkaj the Spriggan Enchanter began the quest for the
                  | Orb.
     0 | D:1      | Reached XP level 1. HP: 9/9 MP: 5/5
   218 | D:1      | Reached skill level 1 in Fighting
   246 | D:1      | Reached XP level 2. HP: 12/14 MP: 6/6
   340 | D:1      | Learned a level 2 spell: Ensorcelled Hibernation
   670 | D:1      | Reached skill level 1 in Ice Magic
   924 | D:2      | Noticed Terence
  1031 | D:1      | Succumbed to an adder's poison

Illustrated notes

Levels and vault maps discovered:
D:1:      lightli_arrival_maybe_door_vault, layout_loops_ring,
          lemuel_flame_loot_1
D:2:      layout_basic, uniq_terence

Skill      XL: |  1  2 |
---------------+-------+-----
Fighting       | 1 |  1.0
Short Blades   | 2 |  2.0
Ice Magic      | 1 |  1.0
Dodging        | |  3.0
Stealth        | |  4.4
Spellcasting   | |  2.6
Hexes          | |  3.8

Action                   || total
-------------------------++-------
Melee: Dagger            ||    35
 Cast: Ensorcelled Hiber ||     5
       Corona            ||     1
  Use: Scroll            ||     1
       Potion            ||     1
 Stab: Sleeping          ||    10
Armor: Robe              ||     1
Dodge: Dodged            ||    16

Table legend: (Time is in decaauts)
 A = Elapsed time spent in this place.
 B = Non-inter-level travel time spent in this place.
 C = Inter-level travel time spent in this place.
 D = Time resting spent in this place.
 E = Time spent auto-exploring this place.
 F = Levels seen in this place.
 G = Mean time per level.
                   A        B        C        D        E       F      G
               +--------+--------+--------+--------+--------+-----+--------+
         Total |    690 |    656 |     34 |      0 |    513 |   2 |  345.0 |
       Dungeon |    690 |    656 |     34 |      0 |    513 |   2 |  345.0 |
               +--------+--------+--------+--------+--------+-----+--------+

Top non-repeatable levels by time:
     D:1: 665 daAuts
     D:2: 25 daAuts
